AoeStats
← La Wacha Piola

Fortress

510179032Analyzed
4v4 RM · 1d ago on Sep 29, 2026· 37m 0s· 8 players
Game mode
Random Map
Map size
Huge
Population
200
Speed
Normal
Resources
Standard
Victory
Conquest
Starting age
Dark Age
Ending age
Imperial Age
RankedLock teamsTeams togetherTeam positionsShared explorationLock speedFull tech treeHidden civsTurbo modeCheats
Victory
Defeat
🇬🇧 Teutons · United Kingdom
906
+6
🇦🇷 Gurjaras · Argentina
886
+6
🇪🇸 Berbers · Spain
867
+7
🇬🇧 Britons · United Kingdom
681
+13
🇦🇷 Bohemians · Argentina
832
-14
🇯🇵 Vietnamese · Japan
622
-7
🇨🇴 Khmer · Colombia
565
-6
🇧🇷 Huns · Brazil
530
-5
deiv.white
6:41 Feudal Age
7:09 Double-Bit Axe
7:18 Gold Mining
7:30 Arson
11:01 Wheelbarrow
16:42 Castle Age
17:48 Pikeman
17:49 Man-at-Arms
23:55 Imperial Age
24:45 Hand Cart
27:08 Long Swordsman
CoWarDly DoG
0:31 Loom
7:08 Feudal Age
7:35 Double-Bit Axe
7:47 Horse Collar
15:44 Castle Age
18:02 Heavy Plow
18:16 Bow Saw
18:00 Gold Mining
18:04 Stone Mining
Kayan
4:51 Loom
6:37 Feudal Age
7:52 Horse Collar
8:01 Double-Bit Axe
14:12 Castle Age
15:14 Bow Saw
19:51 Wheelbarrow
20:36 Heavy Plow
21:07 Hand Cart
25:36 Imperial Age
23:04 Pikeman
Jawaharlal NEHRU
0:35 Loom
7:24 Feudal Age
9:28 Double-Bit Axe
11:35 Town Watch
14:24 Castle Age
12:47 Horse Collar
15:46 Bow Saw
18:55 Wheelbarrow
19:18 Heavy Plow
21:14 Bloodlines
23:16 Forging
22:59 Fletching
23:25 Gold Mining
23:47 Husbandry
26:19 Hand Cart
26:01 Crossbowman
26:03 Elite Skirmisher
28:16 Thumb Ring
28:04 Pikeman
28:44 Squires
29:07 Chatras
31:07 Padded Archer Armor
31:16 Scale Barding Armor
37:43 Leather Archer Armor
37:24 Bodkin Arrow
TheLazyFalcon
14:40 Feudal Age
15:22 Feudal Age
16:58 Wheelbarrow
16:08 Town Watch
16:23 Double-Bit Axe
16:31 Gold Mining
16:31 Stone Mining
16:23 Horse Collar
19:12 Castle Age
17:34 Gold Mining
17:51 Stone Mining
17:45 Horse Collar
18:02 Fletching
18:12 Padded Archer Armor
21:11 Hand Cart
25:15 Imperial Age
24:08 Yeomen
24:43 Bow Saw
25:15 Gold Shaft Mining
24:43 Heavy Plow
24:30 Town Watch
24:51 Squires
24:36 Arson
24:58 Padded Archer Armor
25:12 Bodkin Arrow
27:10 Two-Man Saw
26:32 Leather Archer Armor
27:18 Conscription
27:28 Ballistics
27:00 Town Watch
28:42 Ring Archer Armor
28:18 Bracer
31:00 Chemistry
30:58 Town Patrol
30:45 Loom
35:03 Ring Archer Armor
36:22 Elite Longbowman
Extinct
10:38 Feudal Age
11:50 Double-Bit Axe
12:43 Wheelbarrow
15:40 Castle Age
15:08 Loom
17:27 Hand Cart
17:44 Bow Saw
21:46 Bloodlines
22:40 Horse Collar
29:14 Imperial Age
27:14 Town Watch
27:39 Scale Barding Armor
27:45 Forging
28:25 Gold Mining
29:15 Heavy Plow
29:19 Cavalier
30:39 Iron Casting
30:25 Chain Barding Armor
31:09 Conscription
32:00 Two-Man Saw
31:35 Crop Rotation
32:18 Fortified Wall
32:27 Caravan
33:04 Paladin
35:50 Blast Furnace
35:26 Plate Barding Armor
Carapenev420
7:39 Feudal Age
5:59 Loom
13:33 Castle Age
12:23 Double-Bit Axe
12:23 Horse Collar
12:53 Stone Mining
14:26 Town Watch
16:33 Bow Saw
19:27 Wheelbarrow
18:53 Town Patrol
20:07 Heavy Plow
21:02 Pikeman
21:43 Squires
24:39 Hand Cart
26:32 Gold Mining
27:18 Stone Shaft Mining
30:31 Elite Skirmisher
37:31 Imperial Age
35:18 Fletching
35:29 Padded Archer Armor
35:39 Forging
36:55 Bodkin Arrow
37:16 Leather Archer Armor
La Wacha Piola
6:04 Feudal Age
11:18 Castle Age
10:22 Gold Mining
12:08 Loom
16:16 Forging
19:22 Arson
20:43 Scale Mail Armor
26:08 Iron Casting
Connection lost

Rejoining the realm…

Still unreachable

The connection could not be restored.

Session expired

The server has moved on; the page needs a fresh start.